PUB
HOUSTON COLT .45S @ ST. LOUIS TERRIERS
05/15/1972
 
TOP OF THE 1ST
Houston Colt .45s batting - Pitching for St. Louis Terriers : RHP Mike Whitehead
Pitching: RHP Mike Whitehead
Batting: SHB Eric Tucker 0-0: Called Strike
0-1: Ball
1-1: Ball
2-1: Ball
3-1: Foul Ball, location: 7LMF
3-2: Ground out 4-3 (Groundball, 4, EV 103.8 MPH)
Batting: RHB Darby Moore 0-0: Called Strike
0-1: Ball
1-1: Fly out, F8 (Flyball, 78M, EV 83.1 MPH)
Batting: RHB Virgil McDonald 0-0: Ball
1-0: Swinging Strike
1-1: Fly out, F3 (Popup, 34, EV 77.5 MPH)
Top of the 1st over - 0 runs, 0 hits, 0 errors, 0 left on base; Houston 0 - St. Louis 0
BOTTOM OF THE 1ST
St. Louis Terriers batting - Pitching for Houston Colt .45s : RHP Ryan Mullins
Pitching: RHP Ryan Mullins
Batting: RHB Tommy Davis 0-0: Ball
1-0: Ball
2-0: Fly out, F9 (Flyball, 9LSF, EV 99.4 MPH)
Batting: LHB Santiago Sosa 0-0: Called Strike
0-1: Called Strike
0-2: Strikes out swinging
Batting: LHB Armando Robles 0-0: Swinging Strike
0-1: Ground out U3 (Groundball, 3, EV 103.8 MPH)
Bottom of the 1st over - 0 runs, 0 hits, 0 errors, 0 left on base; Houston 0 - St. Louis 0
TOP OF THE 2ND
Houston Colt .45s batting - Pitching for St. Louis Terriers : RHP Mike Whitehead
Batting: LHB Edgardo Vázquez 0-0: Ball
1-0: Ball
2-0: Ground out 1-3 (Groundball, 13S, EV 68.1 MPH)
Batting: RHB Nobuhisa Fujii 0-0: Called Strike
0-1: Swinging Strike
0-2: Foul Ball, location: 23FF
0-2: Ball
1-2: Ball
2-2: Strikes out swinging
Batting: SHB Michael Trusty 0-0: Called Strike
0-1: Foul Ball, location: 2F
0-2: Strikes out swinging
Top of the 2nd over - 0 runs, 0 hits, 0 errors, 0 left on base; Houston 0 - St. Louis 0
BOTTOM OF THE 2ND
St. Louis Terriers batting - Pitching for Houston Colt .45s : RHP Ryan Mullins
Batting: LHB Màximo Carregueiro 0-0: Ground out 4-3 (Groundball, 34, EV 107.5 MPH)
Batting: RHB Brandon Carr 0-0: Ground out 4-3 (Groundball, 4, EV 81.9 MPH)
Batting: LHB Albie Pearson 0-0: Called Strike
0-1: Foul Ball, location: 25F
0-2: Foul Ball, location: 2F
0-2: Foul Ball, location: 7LSF
0-2: Ball
1-2: Foul Ball, location: 7LDF
1-2: Fly out, F7 (Flyball, 7S, EV 90.6 MPH)
Bottom of the 2nd over - 0 runs, 0 hits, 0 errors, 0 left on base; Houston 0 - St. Louis 0
TOP OF THE 3RD
Houston Colt .45s batting - Pitching for St. Louis Terriers : RHP Mike Whitehead
Batting: LHB Juan Rodríguez 0-0: Ball
1-0: Called Strike
1-1: Foul Ball, location: 9LSFF
1-2: Ball
2-2: Strikes out swinging
Batting: SHB Allen Brown 0-0: Ball
1-0: Called Strike
1-1: Foul Ball, location: 9LDF
1-2: Strikes out swinging
Batting: RHB Ryan Mullins 0-0: Ball
1-0: Ground out 5-3 (Groundball, 56S, EV 68.1 MPH)
Top of the 3rd over - 0 runs, 0 hits, 0 errors, 0 left on base; Houston 0 - St. Louis 0
BOTTOM OF THE 3RD
St. Louis Terriers batting - Pitching for Houston Colt .45s : RHP Ryan Mullins
Batting: SHB Edward Cobb 0-0: Ball
1-0: Called Strike
1-1: Called Strike
1-2: DOUBLE (Line Drive, 3D, EV 101.9 MPH)
Batting: LHB José Santos 0-0: Called Strike
0-1: Swinging Strike
0-2: Foul Ball, location: 2F
0-2: Strikes out swinging
Batting: RHB Mike Whitehead 0-0: Called Strike
0-1: Called Strike
0-2: Ball
1-2: Strikes out swinging
Batting: RHB Tommy Davis 0-0: Ball
1-0: Ground out 6-3 (Groundball, 6D, EV 96.3 MPH)
Bottom of the 3rd over - 0 runs, 1 hit, 0 errors, 1 left on base; Houston 0 - St. Louis 0
TOP OF THE 4TH
Houston Colt .45s batting - Pitching for St. Louis Terriers : RHP Mike Whitehead
Batting: SHB Eric Tucker 0-0: Called Strike
0-1: Foul Ball, location: 2F
0-2: Ball
1-2: Strikes out swinging
Batting: RHB Darby Moore 0-0: Ball
1-0: Called Strike
1-1: Ball
2-1: Called Strike
2-2: Foul Ball, location: 23F
2-2: Foul Ball, location: 25F
2-2: Strikes out looking
Batting: RHB Virgil McDonald 0-0: Ball
1-0: Reached on error, E6 (Groundball, 6, EV 86.3 MPH)
Batting: LHB Edgardo Vázquez 0-0: Ball
1-0: Foul Ball, location: 5F
1-1: Foul Ball, location: 2F
1-2: Foul Ball, location: 2F
1-2: Foul Ball, location: 2F
1-2: Fielders Choice at 2nd, 5-4 (Groundball, 5, EV 90.0 MPH)
Top of the 4th over - 0 runs, 0 hits, 1 error, 1 left on base; Houston 0 - St. Louis 0
BOTTOM OF THE 4TH
St. Louis Terriers batting - Pitching for Houston Colt .45s : RHP Ryan Mullins
Batting: LHB Santiago Sosa 0-0: Ball
1-0: Ball
2-0: Ball
3-0: Base on Balls
Batting: LHB Armando Robles 0-0: Called Strike
Santiago Sosa steals 2nd base
0-1: Ball
1-1: Foul Ball, location: 3F
1-2: Ground out U3 (Groundball, 3L, EV 110.0 MPH)
Santiago Sosa to third
Batting: LHB Màximo Carregueiro 0-0: Called Strike
0-1: Ball
1-1: Ball
2-1: Foul Ball, location: 25F
2-2: Fly out, F7 (Flyball, 7LS, EV 85.6 MPH)
Batting: RHB Brandon Carr 0-0: Foul Ball, location: 9LMF
0-1: Foul Ball, location: 2F
0-2: Ball
1-2: Strikes out looking
Bottom of the 4th over - 0 runs, 0 hits, 0 errors, 1 left on base; Houston 0 - St. Louis 0
TOP OF THE 5TH
Houston Colt .45s batting - Pitching for St. Louis Terriers : RHP Mike Whitehead
Batting: RHB Nobuhisa Fujii 0-0: Ball
1-0: SINGLE (Groundball, 34D, EV 95.6 MPH)
Batting: SHB Michael Trusty 0-0: Called Strike
0-1: Foul Ball, location: 2F
0-2: Strikes out looking
Batting: LHB Juan Rodríguez 0-0: Ball
1-0: Foul Ball, location: 2F
1-1: Swinging Strike
1-2: Strikes out swinging
Batting: SHB Allen Brown 0-0: Ball
Nobuhisa Fujii is caught stealing 2nd base 2-6
Top of the 5th over - 0 runs, 1 hit, 0 errors, 0 left on base; Houston 0 - St. Louis 0
BOTTOM OF THE 5TH
St. Louis Terriers batting - Pitching for Houston Colt .45s : RHP Ryan Mullins
Batting: LHB Albie Pearson 0-0: Foul Ball, location: 7LDF
0-1: Called Strike
0-2: Strikes out swinging
Batting: SHB Edward Cobb 0-0: Ball
1-0: Fly out, F9 (Flyball, 9, EV 85.6 MPH)
Batting: LHB José Santos 0-0: Called Strike
0-1: Ball
1-1: Ground out U3 (Groundball, 3L, EV 95.6 MPH)
Bottom of the 5th over - 0 runs, 0 hits, 0 errors, 0 left on base; Houston 0 - St. Louis 0
TOP OF THE 6TH
Houston Colt .45s batting - Pitching for St. Louis Terriers : RHP Mike Whitehead
Batting: SHB Allen Brown 0-0: Called Strike
0-1: Foul Ball, location: 5FF
0-2: Strikes out swinging, 2-3 out at first.
Batting: RHB Ryan Mullins 0-0: Swinging Strike
0-1: Swinging Strike
0-2: Foul Ball, location: 2F
0-2: Ball
1-2: Ball
2-2: Ball
3-2: Strikes out swinging
Batting: SHB Eric Tucker 0-0: Ground out 4-3 (Groundball, 4M, EV 101.3 MPH)
Top of the 6th over - 0 runs, 0 hits, 0 errors, 0 left on base; Houston 0 - St. Louis 0
BOTTOM OF THE 6TH
St. Louis Terriers batting - Pitching for Houston Colt .45s : RHP Ryan Mullins
Batting: RHB Mike Whitehead 0-0: Ball
1-0: Ball
2-0: Called Strike
2-1: Ball
3-1: Called Strike
3-2: Strikes out swinging
Batting: RHB Tommy Davis 0-0: Ball
1-0: SOLO HOME RUN (Flyball, 9LD, EV 93.8 MPH), Distance : 360 ft
Batting: LHB Santiago Sosa 0-0: SINGLE (Groundball, 4D, EV 97.5 MPH)
Batting: LHB Armando Robles 0-0: Ball
1-0: Called Strike
1-1: Swinging Strike
1-2: Strikes out swinging
Batting: LHB Màximo Carregueiro 0-0: Foul Ball, location: 2F
0-1: Ball
Santiago Sosa is caught stealing 2nd base 2-6
Bottom of the 6th over - 1 run, 2 hits, 0 errors, 0 left on base; Houston 0 - St. Louis 1
TOP OF THE 7TH
Houston Colt .45s batting - Pitching for St. Louis Terriers : RHP Mike Whitehead
Batting: RHB Darby Moore 0-0: Foul Ball, location: 2F
0-1: Ball
1-1: Foul Ball, location: 2F
1-2: Strikes out swinging
Batting: RHB Virgil McDonald 0-0: Foul Ball, location: 2F
0-1: Ball
1-1: SINGLE (Flyball, 9LM, EV 98.8 MPH)
Batting: LHB Edgardo Vázquez 0-0: Ball
1-0: Swinging Strike
1-1: Foul Ball, location: 23F
1-2: Ball
2-2: Foul Ball, location: 2F
2-2: Ball
3-2: SINGLE (Flyball, 78S, EV 91.3 MPH)
Virgil McDonald to second
Virgil McDonald to third
Batting: RHB Nobuhisa Fujii 0-0: Foul Ball, location: 5F
0-1: Ball
1-1: SINGLE (Line Drive, 56D, EV 100.0 MPH)
Virgil McDonald scores
Edgardo Vázquez to second
Batting: SHB Michael Trusty 0-0: Called Strike
0-1: Ball
1-1: Foul Ball, location: 2F
1-2: Ball
2-2: Strikes out swinging
Batting: LHB Juan Rodríguez 0-0: Ball
1-0: Foul Ball, location: 9LSF
1-1: Called Strike
1-2: Foul Ball, location: 7LMF
1-2: Ground out 4-3 (Groundball, 4, EV 98.8 MPH)
Top of the 7th over - 1 run, 3 hits, 0 errors, 2 left on base; Houston 1 - St. Louis 1
BOTTOM OF THE 7TH
St. Louis Terriers batting - Pitching for Houston Colt .45s : RHP Ryan Mullins
Batting: LHB Màximo Carregueiro 0-0: DOUBLE (Line Drive, 7LM, EV 106.3 MPH)
Batting: RHB Brandon Carr 0-0: Called Strike
0-1: Ball
1-1: Foul Ball, location: 23F
1-2: Ball
2-2: Ball
3-2: Fly out, F8 (Line Drive, 8RM, EV 95.6 MPH)
Batting: LHB Albie Pearson 0-0: Ball
1-0: Foul Ball, location: 5DF
1-1: Foul Ball, location: 7LSF
1-2: Ball
2-2: Foul Ball, location: 9LDF
2-2: Foul Ball, location: 7LMF
2-2: Foul Ball, location: 23F
2-2: Foul Ball, location: 7LDF
2-2: Foul Ball, location: 2F
2-2: Foul Ball, location: 3DF
2-2: Foul Ball, location: 2F
2-2: Ground out 4-3 (Groundball, 4, EV 93.8 MPH)
Màximo Carregueiro to third
Pitching: LHP Gordie Richardson
Batting: SHB Edward Cobb 0-0: Called Strike
0-1: Called Strike
0-2: Ball
1-2: Strikes out swinging
Bottom of the 7th over - 0 runs, 1 hit, 0 errors, 1 left on base; Houston 1 - St. Louis 1
TOP OF THE 8TH
Houston Colt .45s batting - Pitching for St. Louis Terriers : RHP Mike Whitehead
Batting: SHB Allen Brown 0-0: Ball
1-0: Called Strike
1-1: Swinging Strike
1-2: Ball
2-2: Ball
3-2: Base on Balls
Pinch Runner at 1st Joe L Morgan:
Pinch Hitting: LHB Jeff Murphy 0-0: Ball
1-0: Ball
Joe L Morgan steals 2nd base
2-0: Called Strike
2-1: Foul Ball, location: 3DF
2-2: SINGLE (Line Drive, 4MD, EV 108.8 MPH)
Joe L Morgan to third
Batting: SHB Eric Tucker 0-0: Ball
1-0: Called Strike
1-1: Called Strike
1-2: Ball
2-2: Foul Ball, location: 2F
2-2: Fielders Choice at home, 4-2 (Groundball, 4MS, EV 68.8 MPH)
Jeff Murphy to second
Batting: RHB Darby Moore 0-0: Called Strike
0-1: Ball
1-1: Foul Ball, location: 2F
1-2: Ball
2-2: Ball
3-2: Strikes out swinging
Pitching: RHP Denny McLain
Batting: RHB Virgil McDonald 0-0: Foul Ball, location: 9LMF
0-1: Ball
1-1: Foul Ball, location: 2F
1-2: Strikes out swinging
Top of the 8th over - 0 runs, 1 hit, 0 errors, 2 left on base; Houston 1 - St. Louis 1
BOTTOM OF THE 8TH
St. Louis Terriers batting - Pitching for Houston Colt .45s : LHP Gordie Richardson
Pitching: RHP Phil Regan
Now at SS: Ching Yo
Batting: LHB José Santos 0-0: Ball
1-0: Foul Ball, location: 25F
1-1: Called Strike
1-2: Ball
2-2: Strikes out looking
Pinch Hitting: RHB Millard Pérez 0-0: Fly out, F7 (Flyball, 7LM, EV 83.1 MPH)
Batting: RHB Tommy Davis 0-0: Ball
1-0: Ball
2-0: Ball
3-0: Base on Balls
Batting: LHB Santiago Sosa 0-0: Swinging Strike
0-1: Ball
1-1: Foul Ball, location: 7LDF
1-2: Foul Ball, location: 3DF
1-2: Foul Ball, location: 2F
1-2: Ground out U3 (Groundball, 3L, EV 85.0 MPH)
Bottom of the 8th over - 0 runs, 0 hits, 0 errors, 1 left on base; Houston 1 - St. Louis 1
TOP OF THE 9TH
Houston Colt .45s batting - Pitching for St. Louis Terriers : RHP Denny McLain
Pitching: RHP Steve Blass
Batting: LHB Edgardo Vázquez 0-0: Swinging Strike
0-1: Called Strike
0-2: Ball
1-2: Strikes out swinging
Batting: RHB Nobuhisa Fujii 0-0: Ground out 5-3 (Groundball, 5L, EV 85.6 MPH)
Batting: SHB Michael Trusty 0-0: Swinging Strike
0-1: Ball
1-1: Called Strike
1-2: Foul Ball, location: 2F
1-2: Strikes out looking
Top of the 9th over - 0 runs, 0 hits, 0 errors, 0 left on base; Houston 1 - St. Louis 1
BOTTOM OF THE 9TH
St. Louis Terriers batting - Pitching for Houston Colt .45s : RHP Phil Regan
Batting: LHB Armando Robles 0-0: Called Strike
0-1: Ground out 4-3 (Groundball, 4, EV 73.8 MPH)
Batting: LHB Màximo Carregueiro 0-0: Ball
1-0: Ball
2-0: Foul Ball, location: 5F
2-1: Ground out U3 (Groundball, 34, EV 103.1 MPH)
Pinch Hitting: LHB Kevin Dawson 0-0: Swinging Strike
0-1: Foul Ball, location: 7LDF
0-2: Strikes out swinging
Bottom of the 9th over - 0 runs, 0 hits, 0 errors, 0 left on base; Houston 1 - St. Louis 1
TOP OF THE 10TH
Houston Colt .45s batting - Pitching for St. Louis Terriers : RHP Steve Blass
Now at C: Kevin Dawson
Batting: LHB Juan Rodríguez 0-0: Ball
1-0: DOUBLE (Flyball, 78XD, EV 96.9 MPH)
Pinch Hitting: SHB Bob Saverine 0-0: Foul Ball, location: 3F
0-1: Ball
1-1: Sac Bunt to 5S - play at first, batter OUT! 5-4
Juan Rodríguez to third
Pinch Hitting: RHB Jeremy Williams 0-0: Fly out, F8 (Flyball, 8RD, EV 108.1 MPH)
Runner from 3rd tags up, SCORES, throw by CF
Batting: SHB Eric Tucker 0-0: Ball
1-0: Swinging Strike
1-1: Called Strike
1-2: Strikes out swinging
Top of the 10th over - 1 run, 1 hit, 0 errors, 0 left on base; Houston 2 - St. Louis 1
BOTTOM OF THE 10TH
St. Louis Terriers batting - Pitching for Houston Colt .45s : RHP Phil Regan
Pitching: LHP Jon Gregory
Now at SS: Juan Rodríguez
Now in CF: Bob Saverine
Batting: LHB Albie Pearson 0-0: Ball
1-0: Called Strike
1-1: Foul Ball, location: 2RF
1-2: Ground out 5-3 (Groundball, 5, EV 87.5 MPH)
Batting: SHB Edward Cobb 0-0: SINGLE (Groundball, 56, EV 100.6 MPH)
Pinch Hitting: RHB Emílio Durán 0-0: Called Strike
0-1: Foul Ball, location: 7LMFF
0-2: Strikes out looking
Pinch Hitting: RHB Michael Nix 0-0: Ball
1-0: Called Strike
1-1: Swinging Strike
1-2: Ball
2-2: Strikes out swinging
Bottom of the 10th over - 0 runs, 1 hit, 0 errors, 1 left on base; Houston 2 - St. Louis 1
Friday, March 15th , 2024 - OOTP Baseball 24.8 Build 75